 Dungeon Sprint DCSS version 0.28.0-1-gb440e238dd (webtiles) character file.

Game seed: 10182797812066706591

1003 Heh the Fighter (level 8, -1/71 HPs)
             Began as an Octopode Brigand on Feb 25, 2022.
             Was a Believer of Okawaru.
             Killed from afar by Maurice (36 damage)
             ... with a bolt of acid
             ... in the Dungeon (Sprint VII: "The Pits").
             The game lasted 00:03:50 (983 turns).

Heh the Fighter (Octopode Brigand)                   Turns: 983, Time: 00:03:50

Health: -1/71      AC:  1    Str: 11    XL:     8   Next: 20%
Magic:  6/8        EV: 19    Int: 13    God:    Okawaru [**....]
Gold:   0          SH:  0    Dex: 15    Spells: 7/7 levels left

rFire   . . .      SeeInvis .   t - +4 quarterstaff (speed)
rCold   . . .      Faith    .   (shield currently unavailable)
rNeg    . . .      Spirit   .   (helmet restricted)
rPois   .          Reflect  .   (no amulet)
rElec   .          Harm     .   (no ring)
rCorr   .          Rampage  .   (no ring)
Will    .....      NoTele   +   (no ring)
Stlth   ++++++....              (no ring)
HPRegen 0.21/turn               (no ring)
MPRegen 0.11/turn               (no ring)
                                (no ring)
                                (no ring)

@: heroic
A: almost no armour, amphibious, 8 rings, camouflage 1, gelatinous body 1,
(nimble swimmer 1), tentacles
a: Renounce Religion, Heroism


You were in the Dungeon.
You worshipped Okawaru.
Okawaru was pleased with you.
You visited 1 branch

Inventory:

Hand Weapons
 a - a +2 dagger
 j - a +2 falchion
 n - a +1 long sword of holy wrath
 o - a +1 quarterstaff of protection
 t - a +4 quarterstaff of speed (weapon)
 u - a +2 halberd of protection
Missiles
 b - 8 poisoned darts (quivered)
 c - 2 curare-tipped darts
Jewellery
 p - a +3 ring of evasion
 q - a +3 ring of protection
Scrolls
 i - a scroll of blinking
 l - 5 scrolls of amnesia
 m - a scroll of summoning
Potions
 d - 5 potions of curing
 e - 8 potions of heal wounds
 f - a potion of haste
 g - 4 potions of magic
 h - 5 potions of berserk rage
 k - a potion of invisibility
 r - a potion of resistance
 s - 3 potions of brilliance


   Skills:
 + Level 13.1(18.1) Fighting
 - Level 2.5(7.5) Short Blades
 + Level 8.7(13.7) Staves
 - Level 2.0(7.0) Throwing
 + Level 7.4(12.4) Dodging
 - Level 5.8(10.8) Stealth


You had 7 spell levels left.
You didn't know any spells.
Your spell library was empty.

Dungeon Overview and Level Annotations

Branches:
Dungeon (1/1)

Altars:
Ashenzari
Cheibriados
Dithmenos
Elyvilon
Fedhas
Gozag
Hepliaklqana
Kikubaaqudgha
Makhleb
Nemelex Xobeh
Okawaru
Qazlal
Ru
Sif Muna
Trog
Uskayaw
Vehumet
Wu Jian
Xom
Yredelemnul
Zin
The Shining One
Beogh
Jiyva
Lugonu

Annotations:
D Maurice


Innate Abilities, Weirdness & Mutations

You cannot wear most types of armour.
You are amphibious.
You can wear up to eight rings at the same time.
Your skin changes colour to match your surroundings (Stealth+).
Your rubbery body absorbs attacks. (AC +1, EV +1)
((You are camouflaged when in or above water. (Stealth+)))
You have tentacles for arms and can constrict up to eight enemies at once.


Message History

You have 4 tentacles available for constriction.
Your movement speed is average.
Your attack delay is about 0.5.
A wolf comes into view.
There is a huge open gate to the Metal Vault (Medium) here.
There is a huge open gate to the Metal Vault (Medium) here.
Maurice the Thief comes into view.
He is wielding a +0 short sword and carrying a wand of acid (12).
You hit the wolf. Your grab misses the wolf.
The wolf is lightly wounded.
The wolf barely misses you.
You hit the wolf but do no damage. You grab the wolf.
The wolf is lightly wounded.
You constrict the wolf, but do no damage.
The wolf bites you.
You hit the wolf.
The wolf is moderately wounded.
You constrict the wolf, but do no damage.
Maurice shouts!
A bog body comes into view.
The wolf bites you.
You hit the wolf.
The wolf is moderately wounded.
You constrict the wolf. The wolf misses you.
Maurice gestures wildly while chanting.
Maurice puts on a burst of speed!
You hit the wolf.
The wolf is severely wounded.
You constrict the wolf, but do no damage.
The wolf bites you!
You sock the wolf!
You kill the wolf!
Okawaru accepts your kill.
You gain the combat prowess of a mighty hero.
Okay, then.
Maurice zaps a wand.
The bolt of acid hits you!!
* * * LOW HITPOINT WARNING * * *
The bog body casts a spell at you. The bolt of cold misses you.
You feel much better.
Maurice zaps a wand.
The bolt of acid hits you!!!
Ouch! That really hurt!
You die...

)))'.##......#..#......#
####.##................+
....).'................+
#'#####......#..#......#
#.#[[##................#
#.#).#####'#####''######
'.#.)##.......##''#
###))##.......##..#
..#..##.......##@.#
..#'###...<...##.†#
.....##.......##.n#
.....##.......##@.#
#######.......##...
..#..###########....
..#.############...#
..#.#....#..[[##..##
.##'#....#..[[#


You could see Maurice (swift) and a bog body.

Vanquished Creatures
  An elephant (D)
  A swamp drake (D)
  An ice beast (D)
  A wolf (D)
  A phantom (D)
  A bullfrog (D)
  A scorpion (D)
  3 orc priests (D)
  An iron imp (D)
  An adder (D)
  An ufetubus (D)
  A worm (D)
  An adder skeleton (D)
  An orc (D)
  2 endoplasms (D)
  A giant cockroach (D)
  2 hobgoblins (D)
  3 jackals (D)
  A quokka (D)
  2 frilled lizards (D)
  A rat (D)
28 creatures vanquished.

Vanquished Creatures (others)
  An unseen horror (D)
  An orc (D)
2 creatures vanquished.

Grand Total: 30 creatures vanquished

Notes
Turn   | Place    | Note
-------+----------+-------------------------------------------
     0 | D        | Heh the Octopode Brigand began the quest for the Orb.
     0 | D        | Reached XP level 1. HP: 14/14 MP: 1/1
    15 | D        | Found a bloodstained altar of Trog.
    15 | D        | Found a shimmering blue altar of Sif Muna.
    15 | D        | Found a viscous altar of Jiyva.
    15 | D        | Found a hazy altar of Hepliaklqana.
    15 | D        | Found an opulent altar of Gozag.
    16 | D        | Found a glowing golden altar of the Shining One.
    16 | D        | Found a glowing silver altar of Zin.
    16 | D        | Found a basalt altar of Yredelemnul.
    16 | D        | Found a shimmering altar of Xom.
    16 | D        | Found an ornate altar of the Wu Jian Council.
    16 | D        | Found a sacrificial altar of Ru.
    16 | D        | Found a stormy altar of Qazlal.
    16 | D        | Found an iron altar of Okawaru.
    16 | D        | Found a sparkling altar of Nemelex Xobeh.
    16 | D        | Found a burning altar of Makhleb.
    16 | D        | Found a blossoming altar of Fedhas.
    16 | D        | Found a white marble altar of Elyvilon.
    16 | D        | Found a shadowy altar of Dithmenos.
    16 | D        | Found a snail-covered altar of Cheibriados.
    18 | D        | Found a radiant altar of Vehumet.
    18 | D        | Found a corrupted altar of Lugonu.
    19 | D        | Found a hide-covered altar of Uskayaw.
    19 | D        | Found an ancient bone altar of Kikubaaqudgha.
    19 | D        | Found a broken altar of Ashenzari.
    28 | D        | Became a worshipper of Warmaster Okawaru
    85 | D        | Reached skill level 3 in Fighting
    85 | D        | Reached XP level 2. HP: 13/21 MP: 2/2
   201 | D        | Reached skill level 4 in Fighting
   202 | D        | Noticed a scorpion
   203 | D        | Noticed a bullfrog
   209 | D        | Reached skill level 5 in Fighting
   215 | D        | Killed a bullfrog
   216 | D        | Reached skill level 8 in Fighting
   216 | D        | Reached XP level 3. HP: 28/33 MP: 3/3
   216 | D        | Reached XP level 4. HP: 33/39 MP: 4/4
   217 | D        | Killed a scorpion
   217 | D        | Reached * piety under Okawaru
   218 | D        | Reached skill level 9 in Fighting
   218 | D        | Reached XP level 5. HP: 40/47 MP: 5/5
   348 | D        | Noticed an ice beast
   350 | D        | Reached skill level 10 in Fighting
   363 | D        | Reached skill level 1 in Staves
   368 | D        | Killed an ice beast
   369 | D        | Reached XP level 6. HP: 41/54 MP: 3/6
   370 | D        | Reached skill level 11 in Fighting
   458 | D        | Noticed an elephant
   475 | D        | Killed an elephant
   475 | D        | Reached ** piety under Okawaru
   476 | D        | Reached skill level 12 in Fighting
   476 | D        | Reached skill level 5 in Dodging
   476 | D        | Reached XP level 7. HP: 18/63 MP: 4/7
   739 | D        | Killed an unseen horror
   740 | D        | Reached XP level 8. HP: 29/70 MP: 8/8
   762 | D        | Reached skill level 13 in Fighting
   973 | D        | Noticed Maurice
   977 | D        | Noticed a bog body
   983 | D        | Killed from afar by Maurice

Illustrated notes

Levels and vault maps discovered:
D:        pitsprint [storerooms_1, entrance_room_1, metal_vault_3, armoury_1,
          mini_pit_1, grid_room_1, main_hall_1, silver_pit, the_coven_1,
          the_vestibule_1, steel_vault_2, golden_pit, hallway_of_sentries,
          crystal_vault_4, iron_vault_4, final_vault]

Skill      XL: |  1  2  3  4  5  6  7  8 |
---------------+-------------------------+-----
Fighting       | 3 8 9 10 12 13 | 13.1
Staves         | 4 7 8 |  8.7
Dodging        | 5 6 7 |  7.4
Short Blades   | |  2.5
Throwing       | |  2.0
Stealth        | |  5.8

Action                   |  1- 3 |  4- 6 |  7- 9 || total
-------------------------+-------+-------+-------++-------
Melee: Dagger            |    11 |     2 |       ||    13
       Tentacles         |     3 |     8 |     4 ||    15
       Constrict         |     3 |     3 |     5 ||    11
       Quarterstaff      |       |    30 |    37 ||    67
       Punch             |       |     4 |       ||     4
Invok: Heroism           |       |     2 |     1 ||     3
  Use: Potion            |     2 |       |     5 ||     7
 Stab: Sleeping          |     6 |     5 |     1 ||    12
       Invisible         |       |       |     3 ||     3
       Confused          |       |       |     2 ||     2
Armor: Skin              |       |    10 |     8 ||    18
Dodge: Dodged            |     6 |    26 |    28 ||    60
